 Dungeon Crawl Stone Soup version 0.30-a0-135-g630cfc4551 (webtiles) character file.

Game seed: 9446630002223445066

457249 scionoferis the Executioner (level 26, -2/242 HPs)
             Began as a Meteoran Berserker on Sept 20, 2022.
             Was a High Priest of Trog.
             Killed from afar by a black draconian knight (27 damage)
             ... with a bolt of lightning
             ... on level 1 of the Realm of Zot.
             The game lasted 04:50:33 (27377 turns).

scionoferis the Executioner (Meteoran Berserker)   Turns: 27377, Time: 04:50:40

Health: -2/242     AC: 39    Str: 26 (27) XL:     26   Next: 55%
Magic:  24/24      EV: 15    Int: 11 (12) God:    Trog [*****.]
Gold:   53         SH: 18    Dex: 23      Spells: 25/25 levels left

rFire   + + +      SeeInvis .    a - +5 broad axe (vorpal)
rCold   + + +      Faith    .    j - +1 kite shield {rN+}
rNeg    + + .      Spirit   .    y - +6 gold dragon scales
rPois   +          Reflect  .    f - +0 hat of Bellicose Lucidity {rPois rN+ Str-2 Slay+3}
rElec   .          Harm     .    m - scarf {rC+ rF+}
rCorr   +          Rampage  .    k - +2 pair of gloves {Dex+3}
Will    +++..                    c - +1 pair of boots {Stlth+}
Stlth   ..........               x - amulet "Oriesal" {Acrobat +Blink rCorr Slay+2}
HPRegen 0.50/turn                w - +6 ring of dexterity
MPRegen 0.19/turn                H - ring "Cuangouk" {rC+ AC+4}

@: glowing
A: sense surroundings 3, otherworldly, glowing, explore regen, antennae 1,
deterioration 1, fire resistance 1
}: 3/15 runes: barnacled, abyssal, gossamer
a: Renounce Religion, Evoke Blink, Berserk, Trog's Hand, Brothers in Arms


You were on level 1 of the Realm of Zot.
You worshipped Trog.
Trog was extremely pleased with you.
You visited 8 branches of the dungeon, and saw 36 of its levels.
You visited the Abyss 1 time.
You also visited: Ice Cave and Volcano.

You collected 2676 gold pieces.
You spent 2623 gold pieces at shops.

Inventory:

Hand Weapons
 a - a +5 vorpal broad axe (weapon)
 b - a +8 eveningstar of holy wrath
 e - the +9 hand axe of Guanucs {vorpal, +Blink rC- rCorr Dex+5}
   (Trog gifted it to you on level 2 of the Abyss)

   It inflicts extra damage upon your enemies.
   Dex:       It affects your dexterity (+5).
   rC:        It makes you vulnerable to cold.
   +Blink:    It lets you blink.
   rCorr:     It protects you from acid and corrosion.
 o - a +4 antimagic broad axe
Missiles
 p - 4 curare-tipped darts
 B - 27 boomerangs (quivered)
 L - 4 throwing nets
 Q - 12 silver javelins
Armour
 c - a +1 pair of boots of stealth (worn)
 f - the +0 hat of Bellicose Lucidity (worn) {rPois rN+ Str-2 Slay+3}
   (You acquired it on level 6 of the Dungeon)

   Str:       It affects your strength (-2).
   Slay:      It affects your accuracy & damage with ranged weapons and melee
   (+3).
   rPois:     It protects you from poison.
   rN:        It protects you from negative energy.
 j - a +1 kite shield of positive energy (worn)
 k - a +2 pair of gloves of dexterity (worn)
 m - a scarf of resistance (worn)
 y - +6 gold dragon scales (worn)
Jewellery
 w - a +6 ring of dexterity (left hand)
 x - the amulet "Oriesal" (around neck) {Acrobat +Blink rCorr Slay+2}
   (You bought it in a shop on level 3 of the Depths)

   [amulet of the acrobat]

   It increases your evasion while moving and waiting.
   Slay:      It affects your accuracy & damage with ranged weapons and melee
   (+2).
   +Blink:    It lets you blink.
   rCorr:     It protects you from acid and corrosion.
 H - the ring "Cuangouk" (right hand) {rC+ AC+4}
   (You found it on level 7 of the Dungeon)

   [ring of protection]

   AC:        It affects your AC (+4).
   rC:        It protects you from cold.
 X - a ring of positive energy
Wands
 n - a wand of mindburst (14)
 v - a wand of flame (39)
 O - a wand of charming (15)
 S - a wand of iceblast (18)
Scrolls
 h - a scroll of fear
 z - 16 scrolls of teleportation
 A - 2 scrolls of blinking
 C - 4 scrolls of silence
 F - 2 scrolls of fog
 M - 3 scrolls of magic mapping
Potions
 g - 16 potions of curing
 i - 4 potions of ambrosia
 q - 5 potions of heal wounds
 r - a potion of flight
 s - 5 potions of haste
 t - 5 potions of might
 E - 3 potions of resistance
 N - a potion of mutation
 P - 4 potions of cancellation
Miscellaneous
 l - a phial of floods


   Skills:
 + Level 20.6 Fighting
 + Level 24.5 Axes
 + Level 15.6 Throwing
 + Level 19.3 Armour
 + Level 16.1 Dodging
 + Level 19.3 Shields
 - Level 18.0 Evocations


You had 25 spell levels left.
You didn't know any spells.
Your spell library was empty.

Dungeon Overview and Level Annotations

Branches:
Dungeon (15/15) Zot: 18    Temple (0/1) D:7            Lair (5/5) D:11 Zot: 46
 Shoals (4/4) Lair:2 Zot: 163  Spider (4/4) Lair:3 Zot: 171   Slime (0/5) Lair:5
    Orc (2/2) D:9 Zot: 544     Elf (0/3) Orc:2        Vaults (1/5) D:14 Zot: 513
 Depths (4/4) D:15 Zot: 329     Zot (1/5) Depths:4 Zot: 562   IceCv (visited)
Volcano (visited)

Altars:
Dithmenos
Elyvilon
Hepliaklqana
Nemelex Xobeh
Qazlal
Ru
Trog
Uskayaw
Vehumet
Wu Jian
Xom
Yredelemnul
The Shining One
Jiyva
Lugonu

Shops:
D:12 (   D:15 ?   Orc:2 [(=!   Depths:3 [=:=   Depths:4 ((*

Portals:
Hell: Depths:1 Depths:2
Abyss: Depths:3
Pandemonium: Depths:2

Annotations:
D:5 exclusion: statue
D:10 2 transporters
Depths:2 2 runed translucent doors, Wiucos's ghost, veteran SpVM


Innate Abilities, Weirdness & Mutations

You passively map a large area around you.
You are easily found by Zot.
You glow in the dark.
You regain HP and MP as you explore.
You have a pair of small antennae on your head.
Your body sometimes deteriorates upon taking damage.
Your flesh is heat resistant. (rF+)


Message History

The red draconian hits you but does no damage.
You slice something!! You slice the green draconian monk!!
A bolt of lightning appears from out of thin air!
The bolt of lightning hits you!!
You block the green draconian monk's attack.
The green draconian monk kicks you!
The green draconian monk tail-slaps you.
The green draconian monk tail-slaps you but does no damage.
You block the red draconian's attack.
You hear some strange, mumbled words.
A shard of ice appears from out of thin air!
The shard of ice hits you.
You miss something. You hit the green draconian monk.
The red draconian hits you from afar with a +0 trident!
A bolt of lightning appears from out of thin air!
The bolt of lightning hits you!!
* * * LOW HITPOINT WARNING * * *
Something hits you but does no damage.
You block the green draconian monk's attack.
The green draconian monk kicks you but does no damage.
The green draconian monk tail-slaps you but does no damage.
The green draconian monk completely misses you.
The purple draconian breathes dispelling energy at you.
The bolt of dispelling energy hits something!!
Reactivating autopickup.
The black draconian knight's magical effects unravel!
The bolt of dispelling energy misses you.
The black draconian breathes lightning at you.
The bolt of lightning hits the black draconian knight.
The black draconian knight completely resists.
The bolt of lightning hits something.
The bolt of lightning hits you!!
* * * LOW HITPOINT WARNING * * *
Your body deteriorates!
You feel weakened.
You feel much better.
A bolt of lightning appears from out of thin air!
Deactivating autopickup; reactivate with Ctrl-A.
The bolt of lightning hits you!!
* * * LOW HITPOINT WARNING * * *
The bolt of lightning hits you!!
You die...

, * ,* * , ,
~, , , >, ,
* * , * * **
#### #.∩#, *
* ###°.# ,
##..##°)@8#
,
.......q{8#,
+ ** ,
..##..##qd#
* * * *
###*#[)# , ,
#.dd8#{ * ,
, .D..dd8#,
, * *
##..##d.#, *
* *### #..#
* , * *, ,*
,..8#


You could see a green draconian monk, a black draconian knight (catching
breath), a black draconian (catching breath), a green draconian, a purple
draconian (catching breath), a red draconian and 2 draconians.

Vanquished Creatures
  An ancient lich (Abyss:3)
  6 caustic shrikes
  2 golden dragons
  3 profane servitors
  9 bone dragons
  Jorgrun (D:13)
  2 tentacled monstrosities
  2 hellephants
  Rupert (D:14)
  2 Hell Sentinels
  A quicksilver dragon (Depths:2)
  A shard shrike zombie (Abyss:3)
  An Ice Fiend (IceCv)
  A walking frostbound tome (Depths:4)
  A walking earthen tome (Depths:3)
  7 liches
  A walking crystal tome (Depths:3)
  2 Executioners
  3 sphinxes
  27 tentacled starspawn
  Polyphemus (Shoals:2)
  A revenant (Abyss:2)
  2 shadow dragons (Depths:3)
  Donald (Shoals:1)
  Kirke (Spider:3)
  2 daevas
  4 fire giants
  10 frost giants
  An emperor scorpion (Spider:4)
  A juggernaut zombie (Abyss:3)
  2 deep elf sorcerers
  2 draconian scorchers (Zot:1)
  3 cacodemons
  3 balrugs
  3 deep elf elementalists
  A spriggan defender (Depths:2)
  An orc warlord (Vaults:1)
  5 ghost moths
  3 angels
  2 reapers
  15 very ugly things
  A war gargoyle (Abyss:3)
  2 ophanim
  An ironbound thunderhulk (D:14)
  A vampire knight (Depths:2)
  A deep elf demonologist (Abyss:2)
  3 stone giants
  2 green draconians (Zot:1)
  3 broodmothers
  3 white draconians
  A deep elf annihilator (Vaults:1)
  3 entropy weavers
  3 red draconians (Depths:4)
  2 lorocyprocas
  2 blizzard demons (Abyss:3)
  6 spark wasps
  3 yellow draconians
  3 merfolk javelineers (Shoals:4)
  2 eidola
  2 ettins
  9 merfolk impalers
  A quicksilver dragon zombie (Abyss:3)
  A spriggan zombie (Abyss:3)
  4 fire dragons
  6 ice dragons
  3 green deaths
  4 great orbs of eyes
  12 hydras
  Erolcha (D:9)
  Harold (D:9)
  A fenstrider witch zombie (Abyss:1)
  A jorogumo (Spider:2)
  2 catoblepae
  Fannar (D:11)
  An alligator snapping turtle (Shoals:1)
  3 spriggan air magi
  6 rakshasas
  A death knight (Abyss:3)
  5 merfolk avatars
  6 centaur warriors
  A merfolk aquamancer (Shoals:3)
  2 ogre magi (D:15)
  3 satyrs
  2 radroaches
  10 death yaks
  13 two-headed ogres
  2 deep troll shamans
  10 tengu warriors
  A vampire mage (Abyss:3)
  A naga warrior (Abyss:2)
  3 deep troll earth magi
  7 boulder beetles
  Urug (Orc:2)
  32 thrashing horrors
  4 hell hogs
  A deep elf knight (D:14)
  4 spriggan berserkers
  3 hell knights
  A storm dragon zombie (Depths:2)
  Amaemon (Lair:1)
  A fire crab (shapeshifter) (Abyss:2)
  3 skeletal warriors (D:13)
  59 large abominations
  4 sun demons
  26 wretched stars
  8 sixfirhies
  2 iron trolls
  A shadow wraith (Abyss:2)
  4 spatial maelstroms
  2 pharaoh ants
  A titan skeleton (Abyss:3)
  An anaconda zombie (Abyss:3)
  An iron giant zombie (Abyss:1)
  A death drake (Abyss:3)
  A quicksilver dragon simulacrum (Abyss:2)
  4 glowing orange brains
  5 deep trolls
  87 starcursed masses
  13 sea snakes
  6 steelbarb worms
  2 orb spiders
  3 flayed ghosts
  2 necromancers
  4 spriggan simulacra (IceCv)
  An obsidian statue (IceCv)
  A lindwurm (Lair:5)
  2 deep elf pyromancers (D:14)
  A phantasmal warrior (Abyss:3)
  2 orc knights
  19 ugly things
  4 wizards
  A deep elf zephyrmancer (D:14)
  A wolf spider (shapeshifter) (Depths:3)
  16 wolf spiders
  27 harpies
  3 will-o-the-wisps
  A tengu skeleton (Depths:2)
  5 cyclopes
  14 manticores
  8 orc sorcerers
  A draconian zombie (Abyss:2)
  15 fauns
  3 moths of wrath
  4 elephants (Lair:1)
  2 guardian serpents
  3 rust devils
  A centaur zombie (Abyss:1)
  5 merfolk sirens
  13 worldbinders
  7 apocalypse crabs
  16 smoke demons
  2 molten gargoyles (Lair:5)
  7 black mambas
  Joseph (D:10)
  5 water nymphs
  10 orange demons
  8 torpor snails
  A gargoyle (D:12)
  7 cane toads
  A dire elephant skeleton (Abyss:3)
  9 freezing wraiths
  Psyche (D:9)
  4 kobold demonologists
  9 komodo dragons
  3 unseen horrors
  5 yaktaurs
  A cane toad (shapeshifter) (Depths:4)
  A hellion (Abyss:2)
  2 efreet
  2 tormentors
  A centaur skeleton (Abyss:1)
  3 tengu conjurers
  2 unseen horrors (shapeshifter)
  3 ice devils
  A golden dragon simulacrum (IceCv)
  10 demonic crawlers
  3 anaconda simulacra (IceCv)
  11 hellwings
  17 ancient zymes
  25 merfolk
  2 polar bears
  3 meliai (Spider:2)
  8 catoblepas skeletons (Abyss:3)
  4 wind drakes
  4 trolls
  Grinder (D:3)
  A meliai (shapeshifter) (D:15)
  A shadow dragon simulacrum (Abyss:2)
  19 tarantellas
  49 raiju
  5 blink frogs (Lair:3)
  A harpy skeleton (Abyss:2)
  A sphinx simulacrum (Depths:2)
  3 slime creatures (D:14)
  6 dream sheep
  An ettin zombie (Abyss:1)
  10 snapping turtles
  An ettin skeleton (Abyss:1)
  3 air elementals
  16 jumping spiders
  24 culicivoras
  Sigmund (D:3)
  8 flying skulls
  A naga simulacrum (Abyss:3)
  10 water elementals
  3 vampires
  7 shadows
  8 wyverns
  2 dire elephant simulacra
  12 fire bats
  67 yaks
  15 ynoxinuls
  6 wraiths
  6 basilisks
  7 hogs (Spider:3)
  A human (shapeshifter) (Abyss:1)
  12 neqoxecs
  2 steam dragons
  Grum (D:11)
  3 minotaur simulacra (IceCv)
  A basilisk (shapeshifter) (Abyss:3)
  15 chaos spawn
  37 redbacks
  54 small abominations
  10 vampire mosquitoes
  A spatial vortex (Abyss:2)
  4 wargs
  Edmund (D:4)
  2 acid dragons
  17 water moccasins
  A naga skeleton (Abyss:2)
  7 hell hounds
  3 ice beasts
  14 orc warriors
  4 black bears
  3 sky beasts
  8 ogres
  An ettin simulacrum (IceCv)
  33 wolves
  2 alligator simulacra (IceCv)
  9 centaurs
  5 kobold brigands
  6 earth elementals (Abyss:3)
  5 bullfrogs
  A gnoll sergeant (D:12)
  3 scorpions
  4 deep troll simulacra (IceCv)
  A two-headed ogre simulacrum (Abyss:1)
  A hornet simulacrum (D:14)
  8 wights
  2 electric eels (D:14)
  5 crimson imps
  3 lava snakes (Lair:5)
  12 quasits
  5 jellies
  17 orc priests
  2 gnoll boudas
  Ijyb (D:5)
  6 iron imps
  23 orc wizards
  2 iguanas (D:7)
  10 adders
  19 gnolls
  3 shadow imps
  16 white imps
  11 ufetubi
  A worm (D:2)
  3 dart slugs
  51 orcs
  4 bats
  6 endoplasms
  5 giant cockroaches
  4 goblins
  15 hobgoblins
  2 jackals (D:4)
  41 kobolds
  8 quokkas
  5 ball pythons
  5 frilled lizards
  8 rats
  4 lurking horrors
  31 starspawn tentacles
1851 creatures vanquished.

Vanquished Creatures (collateral kills)
  A caustic shrike (Depths:4)
  A golden dragon (Depths:4)
  A bone dragon (Depths:4)
  Mlioglotl (Shoals:4)
  A titan (Depths:4)
  A shadow dragon (Depths:4)
  A tentacled starspawn (Abyss:1)
  A storm dragon (Depths:4)
  A draconian scorcher (Depths:4)
  An emperor scorpion (Spider:4)
  A draconian shifter (Depths:4)
  A very ugly thing (Abyss:3)
  A spriggan defender (Depths:2)
  A yellow draconian (Depths:4)
  A merfolk javelineer (Shoals:4)
  3 merfolk impalers (Shoals:4)
  An ice dragon (Depths:4)
  2 hydras (Lair:5)
  A merfolk avatar (Shoals:4)
  9 death yaks
  A boulder beetle (Lair:5)
  2 deep troll earth magi (Depths:3)
  3 orc high priests (Orc:2)
  3 large abominations
  4 hell knights (Depths:3)
  A wretched star (Abyss:1)
  2 steelbarb worms
  A deep troll (Depths:3)
  A sea snake (Shoals:4)
  3 harpies (Shoals:4)
  4 orc knights (Orc:2)
  An orc sorcerer (Orc:2)
  An oklob plant (Lair:5)
  An orange demon (Lair:1)
  3 cane toads
  An efreet (Abyss:3)
  An ancient zyme (Abyss:3)
  2 merfolk (Shoals:4)
  2 tarantellas (Spider:4)
  3 dream sheep (Lair:5)
  5 raiju
  4 blink frogs (Lair:5)
  A snapping turtle (Shoals:4)
  A culicivora (Spider:4)
  2 neqoxecs
  2 redbacks (Spider:4)
  A warg (Orc:2)
  2 small abominations (Abyss:1)
  A water moccasin (Lair:5)
  5 orc warriors (Orc:2)
  A black bear (Lair:2)
  2 starcursed masses (Abyss:1)
  A wolf (Lair:2)
  An earth elemental (Abyss:3)
  A wight (Abyss:2)
  2 orc priests (Orc:2)
  4 orc wizards (Orc:2)
  A hell rat (D:11)
  A river rat (D:11)
  6 orcs (Orc:2)
  A starspawn tentacle (Abyss:1)
116 creatures vanquished.

Vanquished Creatures (others)
  A fire giant (Depths:3)
  A thrashing horror (Abyss:3)
  A wizard (D:14)
  A raiju (Abyss:1)
  A small abomination (Abyss:3)
  A white imp (Abyss:3)
  A bush (Abyss:3)
  12 demonic plants
  18 foxfires
  12 fungi
  2 lurking horrors
  83 plants
  56 starspawn tentacles
  8 tentacles (Shoals:3)
198 creatures vanquished.

Grand Total: 2165 creatures vanquished

Notes
Turn   | Place    | Note
-------+----------+-------------------------------------------
     0 | D:1      | scionoferis the Meteoran Berserker began the quest for the
                  | Orb.
     0 | D:1      | Reached XP level 1. HP: 19/19 MP: 2/2
   178 | D:1      | Reached skill level 4 in Axes
   178 | D:1      | Reached XP level 2. HP: 24/26 MP: 3/3
   477 | D:1      | Reached XP level 3. HP: 31/31 MP: 4/4
   496 | D:1      | Glimpsed the power of Zot.
   620 | D:2      | Reached ** piety under Trog
   748 | D:2      | Reached XP level 4. HP: 38/40 MP: 5/5
   921 | D:3      | Reached skill level 5 in Axes
  1306 | D:3      | Found a faded altar of an unknown god.
  1314 | D:3      | Noticed Grinder
  1350 | D:3      | Killed Grinder
  1351 | D:3      | Reached skill level 6 in Axes
  1351 | D:3      | Reached XP level 5. HP: 47/47 MP: 4/6
  1351 | D:3      | Reached XP level 6. HP: 53/53 MP: 4/7
  1393 | D:3      | Identified the +1 robe of Supple Strength {-Cast Harm rN+
                  | rCorr}
  1471 | D:3      | Noticed Sigmund
  1478 | D:3      | Killed Sigmund
  1479 | D:3      | Reached skill level 5 in Fighting
  1479 | D:3      | Reached skill level 7 in Axes
  1479 | D:3      | Reached XP level 7. HP: 61/61 MP: 8/8
  1807 | D:4      | Noticed Edmund
  1817 | D:4      | Killed Edmund
  1818 | D:4      | Reached skill level 5 in Armour
  1818 | D:4      | Reached XP level 8. HP: 69/69 MP: 7/9
  1840 | D:4      | Reached skill level 8 in Axes
  2167 | D:5      | Entered Level 5 of the Dungeon
  2197 | D:5      | Reached skill level 1 in Shields
  2231 | D:5      | Found a basalt altar of Yredelemnul.
  2288 | D:5      | Found a radiant altar of Vehumet.
  2350 | D:5      | Reached *** piety under Trog
  2404 | D:5      | Reached skill level 9 in Axes
  2404 | D:5      | Gained mutation: You passively map the area around you.
                  | [Meteoran growth]
  2404 | D:5      | Reached XP level 9. HP: 64/75 MP: 10/10
  2705 | D:5      | Noticed Ijyb
  2728 | D:5      | Killed Ijyb
  2750 | D:5      | Reached **** piety under Trog
  2802 | D:5      | Glimpsed the power of Zot.
  2852 | D:5      | Glimpsed the power of Zot.
  2904 | D:6      | Identified a scroll of acquirement
  2907 | D:6      | Acquired the +0 hat of Bellicose Lucidity {rPois rN+ Str-2
                  | Slay+3}
  2934 | D:6      | Reached skill level 5 in Shields
  3032 | D:6      | Found an ornate altar of the Wu Jian Council.
  3080 | D:6      | Reached skill level 10 in Axes
  3286 | D:6      | Reached ***** piety under Trog
  3407 | D:6      | Glimpsed the power of Zot.
  3457 | D:6      | Glimpsed the power of Zot.
  3504 | D:7      | Identified the ring "Cuangouk" {rC+ AC+4}
  3542 | D:7      | Found a hazy altar of Hepliaklqana.
  3630 | D:7      | Reached XP level 10. HP: 82/86 MP: 11/11
  3704 | D:7      | Found a staircase to the Ecumenical Temple.
  3876 | D:8      | Found a stormy altar of Qazlal.
  3876 | D:8      | Found a sparkling altar of Nemelex Xobeh.
  3987 | D:8      | Noticed a two-headed ogre
  3998 | D:8      | Killed a two-headed ogre
  3999 | D:8      | Reached skill level 1 in Evocations
  4035 | D:8      | Reached skill level 11 in Axes
  4093 | D:8      | Found a white marble altar of Elyvilon.
  4290 | D:8      | Reached XP level 11. HP: 94/94 MP: 12/12
  4365 | D:8      | Received a gift from Trog
  4418 | D:9      | Found a staircase to the Orcish Mines.
  4421 | D:9      | Noticed Harold
  4460 | D:9      | Killed Harold
  4461 | D:9      | Reached skill level 12 in Axes
  4610 | D:9      | Noticed Psyche
  4618 | D:9      | Killed Psyche
  4619 | D:9      | Reached skill level 5 in Dodging
  4736 | D:9      | Noticed Erolcha
  4762 | D:9      | Killed Erolcha
  4989 | D:9      | Found a sacrificial altar of Ru.
  5035 | D:10     | Entered Level 10 of the Dungeon
  5038 | D:10     | Found a bloodstained altar of Trog.
  5044 | D:9      | Reached skill level 5 in Evocations
  5222 | D:10     | Reached XP level 12. HP: 74/103 MP: 13/13
  5262 | D:10     | Noticed Joseph
  5275 | D:10     | Killed Joseph
  5276 | D:10     | Reached skill level 13 in Axes
  5302 | D:10     | Found a corrupted altar of Lugonu.
  5302 | D:10     | Noticed a large abomination
  5306 | D:10     | Found a transporter.
  5358 | D:10     | Found a transporter.
  5685 | D:11     | Noticed Fannar
  5718 | D:11     | Killed Fannar
  6049 | D:11     | Noticed Grum
  6065 | D:11     | Killed Grum
  6096 | D:11     | Noticed a death yak
  6096 | D:11     | Noticed a death yak
  6104 | D:11     | Killed a death yak
  6106 | D:11     | Noticed a death yak
  6107 | D:11     | Killed a death yak
  6110 | D:11     | Killed a death yak
  6113 | D:11     | Found a staircase to the Lair.
  6125 | D:11     | Noticed a boulder beetle
  6144 | D:11     | Killed a boulder beetle
  6145 | D:11     | Reached skill level 14 in Axes
  6153 | Lair:1   | Entered Level 1 of the Lair of Beasts
  6153 | Lair:1   | Noticed Amaemon
  6166 | Lair:1   | Killed Amaemon
  6167 | Lair:1   | Reached XP level 13. HP: 103/112 MP: 14/14
  6212 | Lair:1   | Reached skill level 10 in Armour
  6290 | Lair:2   | Found a staircase to the Shoals.
  6386 | Lair:2   | Noticed a five-headed hydra
  6394 | Lair:2   | Killed a one-headed hydra
  6448 | Lair:2   | Noticed a death yak
  6450 | Lair:2   | Noticed a death yak
  6460 | Lair:2   | Noticed a death yak
  6461 | Lair:2   | Noticed a death yak
  6462 | Lair:2   | Killed a death yak
  6466 | Lair:2   | Noticed a death yak
  6467 | Lair:2   | Killed a death yak
  6469 | Lair:2   | Killed a death yak
  6472 | Lair:2   | Reached skill level 10 in Fighting
  6475 | Lair:2   | Killed a death yak
  6477 | Lair:2   | Killed a death yak
  6495 | Lair:2   | Noticed a death yak
  6505 | Lair:2   | Reached skill level 10 in Shields
  6508 | Lair:2   | Killed a death yak
  6659 | Lair:2   | Reached skill level 15 in Axes
  6726 | Lair:3   | Found a hole to the Spider Nest.
  6907 | Lair:3   | Noticed a five-headed hydra
  6914 | Lair:3   | Killed a two-headed hydra
  7073 | Lair:3   | Reached XP level 14. HP: 122/122 MP: 15/15
  7329 | Lair:4   | Received a gift from Trog
  7470 | Lair:5   | Entered Level 5 of the Lair of Beasts
  7486 | Lair:5   | Reached skill level 16 in Axes
  7595 | Lair:5   | Reached skill level 10 in Dodging
  7636 | Lair:5   | Reached XP level 15. HP: 114/130 MP: 16/16
  7820 | Lair:5   | Reached skill level 17 in Axes
  7820 | Lair:5   | Reached skill level 10 in Evocations
  7822 | Lair:5   | Found a large runed translucent door.
  7822 | Lair:5   | Found a large runed translucent door.
  8022 | Lair:5   | Found a dark tunnel.
  8031 | Volcano  | Entered a volcano
  8061 | Volcano  | Found a radiant altar of Vehumet.
  8236 | Lair:5   | Found a viscous altar of Jiyva.
  8236 | Lair:5   | Found a staircase to the Slime Pits.
  9237 | D:12     | Found Fimutu's Antique Weapon Boutique.
  9566 | D:12     | Reached XP level 16. HP: 139/139 MP: 17/17
  9695 | D:12     | Reached skill level 18 in Axes
  9885 | D:13     | Noticed Jorgrun
  9900 | D:13     | Killed Jorgrun
 10213 | D:14     | Received a gift from Trog
 10265 | D:14     | Found a gate to the Vaults.
 10374 | D:14     | Found a glowing golden altar of the Shining One.
 10460 | D:15     | Entered Level 15 of the Dungeon
 10835 | D:15     | Found Vicuagg's Magic Scroll Emporium.
 10843 | D:15     | Reached skill level 19 in Axes
 10988 | D:15     | Found a staircase to the Depths.
 10997 | D:15     | Reached XP level 17. HP: 100/149 MP: 18/18
 11187 | D:14     | Noticed Rupert
 11216 | D:14     | Killed Rupert
 11584 | Orc:1    | Entered Level 1 of the Orcish Mines
 11735 | Orc:2    | Entered Level 2 of the Orcish Mines
 11760 | Orc:2    | Reached ****** piety under Trog
 11950 | Orc:2    | Noticed Urug
 11956 | Orc:2    | Killed Urug
 11971 | Orc:2    | Identified the +4 executioner's axe of Death {vorpal,
                  | *Noise rN++ Str+4} (Trog gifted it to you on level 2 of the
                  | Orcish Mines)
 11971 | Orc:2    | Received a gift from Trog
 11992 | Orc:2    | Found Zyoll's Distillery.
 11992 | Orc:2    | Found Dyrer's Antique Armour Boutique.
 11994 | Orc:2    | Found Pyseca's Jewellery Emporium.
 11994 | Orc:2    | Found Qinallixui's Weapon Boutique.
 12005 | Orc:2    | Bought a pair of transparent gloves for 199 gold pieces
 12005 | Orc:2    | Identified the +1 pair of gloves of the Wild Haggis {Dex+2}
                  | (You bought it in a shop on level 2 of the Orcish Mines)
 12021 | Orc:2    | Bought a potion of mutation for 96 gold pieces
 12021 | Orc:2    | Bought a potion of curing for 36 gold pieces
 12021 | Orc:2    | Bought a potion of curing for 36 gold pieces
 12181 | Orc:2    | Found a staircase to the Elven Halls.
 12415 | Spider:1 | Entered Level 1 of the Spider Nest
 12620 | Spider:1 | Reached skill level 20 in Axes
 12855 | Spider:4 | Entered Level 4 of the Spider Nest
 12866 | Spider:4 | Reached skill level 1 in Throwing
 12879 | Spider:3 | Received a gift from Trog
 12982 | Spider:4 | Gained mutation: You passively map a large area around you.
                  | [Meteoran growth]
 12982 | Spider:4 | Reached XP level 18. HP: 159/159 MP: 19/19
 13242 | Spider:4 | Got a gossamer rune of Zot
 13585 | Spider:3 | Reached skill level 15 in Armour
 13887 | Spider:3 | Noticed Kirke
 13898 | Spider:3 | Killed Kirke
 13925 | Spider:3 | Identified the +8 flail of Purpose {protect, *Rage rPois
                  | rF- Dex+8}
 14385 | Spider:2 | Reached skill level 5 in Throwing
 14516 | Spider:2 | Reached skill level 15 in Shields
 14664 | Spider:1 | Reached skill level 15 in Fighting
 14817 | Spider:1 | Glimpsed the power of Zot.
 14868 | Spider:1 | Identified the +8 mace of Xuuprits {vorpal, +Blink rC-
                  | Will+ Int+4}
 14871 | Spider:1 | Glimpsed the power of Zot.
 14911 | Spider:1 | Glimpsed the power of Zot.
 14921 | Spider:1 | Touched by the power of Zot.
 15024 | Shoals:1 | Entered Level 1 of the Shoals
 15034 | Shoals:1 | Noticed Donald
 15044 | Shoals:1 | Killed Donald
 15045 | Shoals:1 | Reached XP level 19. HP: 79/120 MP: 20/20
 15443 | Shoals:2 | Noticed Polyphemus
 15768 | Shoals:3 | Reached skill level 21 in Axes
 15852 | Shoals:3 | Found a frozen archway.
 15879 | IceCv    | Entered an ice cave
 16177 | IceCv    | Noticed an Ice Fiend
 16190 | IceCv    | Killed an Ice Fiend
 16355 | Shoals:4 | Entered Level 4 of the Shoals
 16502 | Shoals:4 | Identified the +10 falchion of Zaniz {antimagic, rC- rCorr
                  | Str+7 Int-5}
 16587 | Shoals:4 | Noticed Mlioglotl
 16599 | Shoals:4 | Reached XP level 20. HP: 111/182 MP: 21/21
 16601 | Shoals:4 | Killed Mlioglotl
 16723 | Shoals:4 | Reached skill level 15 in Evocations
 16757 | Shoals:4 | Got a barnacled rune of Zot
 17492 | Shoals:2 | Killed Polyphemus
 17836 | Lair:2   | Glimpsed the power of Zot.
 17885 | Lair:1   | Glimpsed the power of Zot.
 17901 | D:11     | Gained mutation: You occasionally lose the ability to drink
                  | potions when taking damage. [potion of mutation]
 17901 | D:11     | Gained mutation: Your mind is acute. (Int +4, Str/Dex -1)
                  | [potion of mutation]
 17901 | D:11     | Gained mutation: Your skin changes colour to match your
                  | surroundings (Stealth+). [potion of mutation]
 17902 | D:11     | Lost mutation: Your skin changes colour to match your
                  | surroundings (Stealth+). [potion of mutation]
 17902 | D:11     | Lost mutation: Your mind is acute. (Int +4, Str/Dex -1)
                  | [potion of mutation]
 17902 | D:11     | Lost mutation: You occasionally lose the ability to drink
                  | potions when taking damage. [potion of mutation]
 17902 | D:11     | Gained mutation: You do not regenerate when monsters are
                  | visible. [potion of mutation]
 17902 | D:11     | Gained mutation: Your flesh is heat resistant. (rF+)
                  | [potion of mutation]
 17902 | D:11     | Gained mutation: You possess an exceptional clarity of
                  | mind. [potion of mutation]
 17903 | D:11     | Lost mutation: Your flesh is heat resistant. (rF+) [potion
                  | of mutation]
 17903 | D:11     | Lost mutation: You do not regenerate when monsters are
                  | visible. [potion of mutation]
 17903 | D:11     | Lost mutation: You possess an exceptional clarity of mind.
                  | [potion of mutation]
 17903 | D:11     | Gained mutation: You have a pair of small antennae on your
                  | head. [potion of mutation]
 17903 | D:11     | Gained mutation: You have a pair of antennae on your head.
                  | [potion of mutation]
 17903 | D:11     | Lost mutation: You have a pair of antennae on your head.
                  | [potion of mutation]
 17903 | D:11     | Gained mutation: Your flesh is heat resistant. (rF+)
                  | [potion of mutation]
 18002 | D:14     | Glimpsed the power of Zot.
 18021 | Vaults:1 | Entered Level 1 of the Vaults
 18145 | D:14     | Glimpsed the power of Zot.
 18176 | Depths:1 | Entered Level 1 of the Depths
 18354 | Depths:1 | Found a hide-covered altar of Uskayaw.
 18504 | Depths:1 | Reached XP level 21. HP: 187/193 MP: 22/22
 18639 | Depths:1 | Found a shimmering altar of Xom.
 18671 | Depths:1 | Found a gateway to Hell.
 18704 | Depths:1 | Glimpsed the power of Zot.
 18756 | Depths:2 | Noticed Wiucos's ghost (veteran SpVM)
 18764 | Depths:2 | Found a runed translucent gate.
 18764 | Depths:2 | Found a runed translucent gate.
 18789 | Depths:2 | Found a shadowy altar of Dithmenos.
 18806 | Depths:2 | Found a one-way gate leading to the halls of Pandemonium.
 18841 | Depths:2 | Reached skill level 22 in Axes
 18940 | Depths:2 | Reached skill level 10 in Throwing
 19238 | Depths:2 | Noticed a golden dragon
 19251 | Depths:2 | Killed a golden dragon
 19272 | Depths:2 | Identified the +5 ring mail "Laar Cim" {rC++ rCorr Int-5}
 19418 | Depths:3 | Noticed a tentacled monstrosity
 19429 | Depths:3 | Killed a tentacled monstrosity
 19460 | Depths:3 | Noticed a caustic shrike
 19465 | Depths:3 | Killed a caustic shrike
 19501 | Depths:3 | Found a one-way gate to the infinite horrors of the Abyss.
 19510 | Depths:3 | Voluntarily entered the Abyss.
 19670 | Abyss:1  | Found a broken altar of Ashenzari.
 19808 | Abyss:1  | Reached XP level 22. HP: 65/141 MP: 18/18
 19823 | Abyss:1  | Received a gift from Trog
 19904 | Abyss:1  | Noticed a bone dragon
 19913 | Abyss:1  | Killed a bone dragon
 19954 | Abyss:1  | Noticed a profane servitor
 19967 | Abyss:1  | Killed a profane servitor
 20033 | Abyss:1  | Found a sparkling altar of Nemelex Xobeh.
 20475 | Abyss:1  | Received a gift from Trog
 20753 | Abyss:1  | Noticed a bone dragon
 20768 | Abyss:1  | Killed a bone dragon
 21188 | Abyss:1  | Noticed a bone dragon
 21205 | Abyss:1  | Killed a bone dragon
 21206 | Abyss:1  | Reached XP level 23. HP: 152/211 MP: 24/24
 22187 | Abyss:2  | Reached skill level 23 in Axes
 22210 | Abyss:2  | Received a gift from Trog
 22269 | Abyss:2  | Gained mutation: Your body sometimes deteriorates upon
                  | taking damage. [a neqoxec]
 22556 | Abyss:2  | Found a corrupted altar of Lugonu.
 22796 | Abyss:2  | Noticed a bone dragon
 22810 | Abyss:2  | Killed a bone dragon
 22964 | Abyss:2  | Noticed a bone dragon
 22975 | Abyss:2  | Killed a bone dragon
 23007 | Abyss:2  | Received a gift from Trog
 23395 | Abyss:2  | Reached XP level 24. HP: 176/221 MP: 24/24
 23645 | Abyss:2  | Identified the +9 hand axe of Guanucs {vorpal, +Blink rC-
                  | rCorr Dex+5} (Trog gifted it to you on level 2 of the
                  | Abyss)
 23645 | Abyss:2  | Received a gift from Trog
 23775 | Abyss:2  | Found a broken altar of Ashenzari.
 24303 | Abyss:2  | Received a gift from Trog
 24500 | Abyss:2  | Paralysed by an air elemental for 1 turns
 24741 | Abyss:3  | Noticed a profane servitor
 24758 | Abyss:3  | Killed a profane servitor
 25060 | Abyss:3  | Noticed a profane servitor
 25092 | Abyss:3  | Killed a profane servitor
 25107 | Abyss:3  | Received a gift from Trog
 25288 | Abyss:3  | Paralysed by an air elemental for 1 turns
 25291 | Abyss:3  | Paralysed by an air elemental for 1 turns
 25385 | Abyss:3  | Noticed an ancient lich
 25410 | Abyss:3  | Killed an ancient lich
 25411 | Abyss:3  | Reached XP level 25. HP: 142/207 MP: 24/24
 25707 | Abyss:3  | Received a gift from Trog
 25819 | Abyss:3  | Reached skill level 15 in Dodging
 26055 | Abyss:3  | Reached skill level 24 in Axes
 26257 | Abyss:3  | Got an abyssal rune of Zot
 26282 | Abyss:3  | Received a gift from Trog
 26474 | Depths:3 | Escaped the Abyss
 26546 | Depths:3 | Noticed a caustic shrike
 26555 | Depths:3 | Killed a caustic shrike
 26567 | Depths:3 | Reached skill level 15 in Throwing
 26683 | Depths:3 | Found Umothy's Antique Armour Shoppe.
 26686 | Depths:3 | Bought a polished plate armour for 980 gold pieces
 26686 | Depths:3 | Identified the +0 plate armour of the Good {Contam rC+
                  | Will++} (You bought it in a shop on level 3 of the Depths)
 26697 | Depths:3 | Found Voerofek's Jewellery Boutique.
 26697 | Depths:3 | Found Suizoyg's Book Emporium.
 26698 | Depths:3 | Found Erujeik's Jewellery Boutique.
 26737 | Depths:3 | Received a gift from Trog
 26738 | Depths:3 | Reached XP level 26. HP: 239/239 MP: 24/24
 26822 | Depths:3 | Noticed a caustic shrike
 26838 | Depths:3 | Killed a caustic shrike
 26894 | Depths:3 | Bought the amulet "Oriesal" {Acrobat +Blink rCorr Slay+2}
                  | for 1276 gold pieces
 26932 | Depths:3 | Glimpsed the power of Zot.
 26946 | Depths:4 | Entered Level 4 of the Depths
 26946 | Depths:4 | Found Qon Votu's General Store.
 26955 | Depths:4 | Noticed a caustic shrike
 26961 | Depths:4 | Noticed a caustic shrike
 26963 | Depths:4 | Noticed a caustic shrike
 26963 | Depths:4 | Noticed a caustic shrike
 26964 | Depths:4 | Noticed a caustic shrike
 26968 | Depths:4 | Killed a caustic shrike
 26998 | Depths:4 | Found Jang's Weapon Boutique.
 27033 | Depths:4 | Killed a caustic shrike
 27049 | Depths:3 | Killed a caustic shrike
 27102 | Depths:4 | Found Wovekaurgh's Weapon Boutique.
 27152 | Depths:4 | Killed a caustic shrike
 27217 | Depths:4 | Found a gate to the Realm of Zot.
 27331 | Zot:1    | Entered Level 1 of the Realm of Zot
 27377 | Zot:1    | Killed from afar by a black draconian knight

Illustrated notes

Levels and vault maps discovered:
D:1:      onia_arrival_pentagram, layout_basic, minivault_5
D:2:      layout_basic
D:3:      layout_loops_cross, dreamdust_ecumenical_altar_angels_and_demons,
          uniq_grinder, uniq_sigmund
D:4:      layout_layer_cave, serial_forest, infiniplex_forest_end_double,
          infiniplex_forest_clump_diagonal, infiniplex_forest_straight_3,
          infiniplex_forest_corner_1, infiniplex_forest_end_2,
          infiniplex_forest_lined_corner, infiniplex_forest_lined_3,
          minmay_crystal_room, uniq_edmund
D:5:      minmay_goblin_kobold_castle, layout_basic, vehumet_statue,
          yredelemnul_altar_generic, serial_demonic, serial_demonic_a,
          serial_demonic_b, serial_demonic_e, serial_demonic_e, uniq_ijyb
D:6:      layout_cave_pods, mainiacjoe_overflow_alcove_1,
          lemuel_coloured_pillars_altar
D:7:      layout_cave_pods, lemuel_crystal_altar, mainiacjoe_overflow_24_doors,
          minmay_temple_entry_stoned_glass, bh_walls_and_bars
D:8:      layout_basic, elyvilon_altar_5, minitemple
D:9:      layout_basic, mainiacjoe_overflow_boulevard,
          minmay_orc_entry_guard_dogs, uniq_psyche, uniq_harold, uniq_erolcha
D:10:     gammafunk_corrupted_shrine, layout_gridville,
          mainiacjoe_overflow_chevrons, serial_glass, glass_columns_a,
          glass_columns_c, uniq_joseph
D:11:     layout_irregular_city, dpeg_lair_monsters, kennysheep_nondescript,
          uniq_grum, uniq_fannar
D:12:     layout_long_grid, serial_glass, glass_columns_a, glass_columns_c,
          due_unseen_surprise, item_on_display_a, feat_on_display,
          feat_on_display, nicolae_stop_n_shop_2
D:13:     layout_basic, fedhas_ov_isle_minmay, uniq_jorgrun
D:14:     dreamdust_cave_troll, layout_basic,
          hangedman_vaults_entry_quadrant_bands, kennysheep_boxes,
          grunt_decor_clamped, tso_metal_star, uniq_rupert
D:15:     grunt_enter_depths_snipers, layout_loops_ring, serial_shops,
          nicolae_inconvenience_store
Lair:1:   layout_loops_ring, grunt_megastairs_2, serial_bayou_shore_a,
          lemuel_fruit_fields, infiniplex_staircase_pool_2, uniq_amaemon
Lair:2:   layout_regular_city, elwin_shoals_entry_rocks, beast_lair_carwin_1
Lair:3:   layout_big_grid, dummy_spider_entry, st_stairs_13
Lair:4:   layout_regular_city, st_stairs_8, nicolae_lair_lil_pond,
          grunt_forest_large_clearings, serial_bayou_shore_b
Lair:5:   cheibrodos_lair_end_hotspot, layout_big_grid,
          dpeg_slime_entry_enclosed, nicolae_volcano_entry_two_sided
Shoals:1: layout_shoals, uniq_donald
Shoals:2: layout_shoals, uniq_polyphemus
Shoals:3: layout_shoals, portal_ice_cave_entry_pillars_2
Shoals:4: shoals_end_grunt_ice, layout_shoals, uniq_mlioglotl
Spider:1: layout_chambers
Spider:2: nicolae_spider_hilbert_zone_4 [nicolae_spider_hilbert_4_sides_2_open,
          nicolae_spider_hilbert_4_sides_1_open,
          nicolae_spider_hilbert_4_sides_1_open,
          nicolae_spider_hilbert_4_sides_1_open,
          nicolae_spider_hilbert_4_sides_1_open,
          nicolae_spider_hilbert_2_sides_1_open,
          nicolae_spider_hilbert_2_sides_1_open,
          nicolae_spider_hilbert_2_sides_1_open,
          nicolae_spider_hilbert_2_sides_1_open,
          nicolae_spider_hilbert_6_sides_1_open,
          nicolae_spider_hilbert_6_sides_1_open,
          nicolae_spider_hilbert_3_sides_1_open,
          nicolae_spider_hilbert_3_sides_1_open]
Spider:3: layout_spider_delve, uniq_kirke
Spider:4: grunt_spider_rune_parallel
Orc:1:    layout_caves
Orc:2:    grunt_orc_tribal_feast, layout_caves, uniq_urug
Vaults:1: nicolae_vaults_twisting_passages, v_misc_30,
          nicolae_vaults_little_squares_6, hangedman_vaults_stitches, v_misc_29,
          vaults_dpeg_cross, vaults_room_pool, st_check, hangedman_vaults_slice,
          vaults_mumra_hex, layout_vaults_omnicross
Depths:1: layout_gridlike, rand_demon_pan_entry_9, nicolae_uskayaw_dance_hall,
          hell_entry, amcnicky_mini_corridor_feature, drop_trap,
          grunt_ministairs_12, xom_teletrap_fun, roderic_lattice_octagonal_star
Depths:2: minmay_concentric_multi, layout_twisted_cross,
          nicolae_dithmenos_the_darkroom, hell_entry, gammafunk_ghost_split,
          rand_demon_pan_entry_8
Depths:3: minmay_bad_star, layout_gridlike, abyss_entry, grunt_mini_vestibule,
          serial_shops, kennysheep_mini, minmay_tree_intersection,
          minmay_shop_grove, infiniplex_staircase_trident, uniq_grunn
Depths:4: grunt_x_marks_the_spot, layout_cave_pools, enter_ziggurat_a,
          hell_entry, serial_shops, shop, shop_fountains,
          nicolae_shop_hallway_stairs, shop, shop,
          nicolae_gozag_cash_rules_everything_around_me, minmay_crystal_water
Zot:1:    gammafunk_its_a_trap, layout_basic, ebering_ghost_xom,
          grunt_ministairs_13, hangedman_snake_sidewinding, uniq_parghit,
          uniq_josephina

Skill      XL: |  1  2  3  4  5  6  7  8  9 10 11 12 13 14 15 16 17 18 19 20 21 22 23 24 25 26 |
---------------+-------------------------------------------------------------------------------+-----
Axes           | 4 6 7 9 10 11 12 14 15 16 17 19 20 21 22 23 24 | 24.5
Fighting       | 4 5 6 7 8 9 10 11 12 13 15 16 17 18 19 20 | 20.6
Armour         | 3 4 5 6 7 9 10 11 12 13 14 15 16 17 18 19 | 19.3
Shields        | 3 6 7 8 9 10 11 12 13 14 15 16 17 18 19 | 19.3
Dodging        | 4 6 7 8 10 11 12 13 14 15 16 | 16.1
Evocations     | 3 5 6 8 9 10 11 12 13 14 15 16 17 18 | 18.0
Throwing       | 1 5 8 9 10 11 12 14 15 | 15.6

Action                   |  1- 3 |  4- 6 |  7- 9 | 10-12 | 13-15 | 16-18 | 19-21 | 22-24 | 25-27 || total
-------------------------+-------+-------+-------+-------+-------+-------+-------+-------+-------++-------
Melee: Hand axe          |    87 |    51 |   253 |   185 |       |       |       |       |       ||   576
       Punch             |     1 |     1 |       |       |       |       |       |       |       ||     2
       Quarterstaff      |       |    28 |    39 |       |       |       |       |       |       ||    67
       Flail             |       |       |   155 |     7 |       |       |       |       |       ||   162
       Broad axe         |       |       |       |   240 |   674 |  1186 |  1139 |  1337 |   613 ||  5189
       Eveningstar       |       |       |       |       |       |       |   140 |   441 |    88 ||   669
Throw: Dart              |       |       |     1 |     3 |     2 |     1 |       |       |       ||     7
       Throwing net      |       |       |       |       |       |     1 |       |       |       ||     1
       Boomerang         |       |       |       |       |       |     3 |    11 |       |       ||    14
Invok: Trog's Hand       |       |     2 |     3 |     4 |     7 |    13 |    16 |     9 |     4 ||    58
       Berserk           |       |     1 |     3 |     1 |       |     3 |     4 |     1 |     2 ||    15
       Brothers in Arms  |       |       |       |     2 |     6 |    13 |    10 |     3 |     5 ||    39
Evoke: Wand              |       |     1 |     3 |     4 |     3 |    10 |    15 |     8 |     7 ||    51
  Use: Scroll            |       |       |     8 |     4 |     7 |     8 |    11 |       |     9 ||    47
       Potion            |       |       |     1 |     1 |     2 |     5 |    10 |     2 |     2 ||    23
 Stab: Invisible         |       |       |       |       |     1 |     2 |       |       |       ||     3
       Distracted        |       |       |       |       |     1 |     2 |     1 |     1 |     4 ||     9
       Held in net/web   |       |       |       |       |       |     2 |       |       |       ||     2
       Petrified         |       |       |       |       |       |       |     4 |     2 |     2 ||     8
       Petrifying        |       |       |       |       |       |       |       |       |     4 ||     4
Armor: Animal skin       |    11 |       |       |       |       |       |       |       |       ||    11
       Chain mail        |    16 |    22 |       |       |       |       |       |       |       ||    38
       Scale mail        |       |    14 |   181 |    77 |       |       |       |       |       ||   272
       Skin              |       |     4 |       |       |       |       |       |       |       ||     4
       Plate armour      |       |       |       |   108 |   417 |   787 |   529 |   557 |   263 ||  2661
       Fire dragon scale |       |       |       |       |    19 |       |       |       |       ||    19
       Gold dragon scale |       |       |       |       |       |       |       |       |    47 ||    47
Dodge: Dodged            |    36 |    17 |   138 |   119 |   261 |   406 |   543 |   750 |   358 ||  2628
       Repelled          |       |       |       |       |       |       |     7 |       |       ||     7
Block: Kite shield       |       |       |   151 |   198 |   393 |   717 |   810 |  1050 |   514 ||  3833

Table legend: (Time is in decaauts)
 A = Elapsed time spent in this place.
 B = Non-inter-level travel time spent in this place.
 C = Inter-level travel time spent in this place.
 D = Time resting spent in this place.
 E = Time spent auto-exploring this place.
 F = Levels seen in this place.
 G = Mean time per level.
                   A        B        C        D        E       F      G
               +--------+--------+--------+--------+--------+-----+--------+
         Total |  26394 |  25073 |   1321 |      1 |      0 |  41 |  643.8 |
       Dungeon |   8981 |   8284 |    697 |      0 |      0 |  15 |  598.7 |
          Lair |   2953 |   2635 |    318 |      0 |      0 |   5 |  590.6 |
        Shoals |   2236 |   2176 |     60 |      0 |      0 |   4 |  559.0 |
   Spider Nest |   2428 |   2366 |     62 |      0 |      0 |   4 |  607.0 |
  Orcish Mines |    655 |    645 |     10 |      0 |      0 |   2 |  327.5 |
        Vaults |     86 |     86 |      0 |      0 |      0 |   1 |   86.0 |
        Depths |   2070 |   1897 |    173 |      0 |      0 |   4 |  517.5 |
           Zot |     36 |     36 |      0 |      0 |      0 |   1 |   36.0 |
         Abyss |   6371 |   6371 |      0 |      0 |      0 |   3 | 2123.7 |
      Ice Cave |    429 |    429 |      0 |      1 |      0 |   1 |  429.0 |
       Volcano |    144 |    144 |      0 |      0 |      0 |   1 |  144.0 |
               +--------+--------+--------+--------+--------+-----+--------+

Top non-repeatable levels by time:
 Abyss:2: 2700 daAuts
 Abyss:1: 1936 daAuts
 Abyss:3: 1734 daAuts
  Lair:5: 804 daAuts
     D:5: 756 daAuts
    D:11: 744 daAuts
Depths:3: 724 daAuts
     D:9: 700 daAuts
Shoals:4: 694 daAuts
     D:4: 681 daAuts
    D:14: 675 daAuts
Spider:3: 672 daAuts
    D:10: 666 daAuts
     D:8: 654 daAuts
     D:3: 639 daAuts
